 Dungeon Crawl Stone Soup version 0.31-a0-233-g139696dc86 (webtiles) character file.

Game seed: 5245457057081844942

745 Decritt the Firebug (level 7, -9/41 HPs)
             Began as a Deep Elf Fire Elementalist on July 8, 2023.
             Was an Initiate of Gozag.
             Mangled by an ogre
             ... wielding a +0 giant club
              (21 damage)
             ... on level 5 of the Dungeon.
             The game lasted 00:12:16 (3387 turns).

Decritt the Firebug (Deep Elf Fire Elementalist)    Turns: 3387, Time: 00:12:17

Health: -9/41      AC:  3    Str:  5    XL:     7   Next: 47%
Magic:  12/17      EV: 13    Int: 22    God:    Gozag
Gold:   262        SH:  0    Dex: 15    Spells: 11/17 levels left

rFire   . . .        j - staff of poison
rCold   . . .        (no shield)
rNeg    . . .        a - +0 robe
rPois   +            (no helmet)
rElec   .            (no cloak)
rCorr   .            s - +0 pair of gloves
SInv    .            (no boots)
Will    .....        h - amulet of magic regeneration
Stlth   ++           t - ring of poison resistance
HPRegen 0.26/turn    (no ring)
MPRegen 0.55/turn

%: no passive effects
@: gold aura
A: no striking features
a: Renounce Religion, Potion Petition, Call Merchant, Bribe Branch


You were on level 5 of the Dungeon.
You worshipped Gozag.
Gozag was aware of your devotion.
You visited 2 branches of the dungeon, and saw 6 of its levels.

You collected 306 gold pieces.
You paid 44 gold pieces to Gozag.

Inventory:

Hand Weapons
 f - a +0 great sword
 g - a +0 dagger of freezing
Missiles
 o - 8 poisoned darts (quivered)
Armour
 a - a +0 robe (worn)
 d - a +0 pair of gloves
 s - a +0 pair of gloves (worn)
Magical Staves
 j - a staff of poison (weapon)
Jewellery
 h - an amulet of magic regeneration (around neck)
 t - a ring of poison resistance (left hand)
Wands
 q - a wand of iceblast (8)
Scrolls
 i - a scroll of immolation {unknown}
 k - 2 scrolls of blinking
 r - a scroll of teleportation
Potions
 b - a potion of magic
 c - a potion of resistance {unknown}
 e - a potion of brilliance {unknown}
 l - 2 potions of lignification
 m - a potion of might {unknown}
 n - 2 potions of enlightenment {unknown}
 p - a potion of ambrosia {unknown}
 u - a potion of degeneration {unknown}


   Skills:
 * Level 3.5 Fighting
 + Level 3.8 Dodging
 - Level 2.4 Stealth
 + Level 5.7 Spellcasting
 - Level 2.1 Conjurations
 + Level 2.1 Hexes
 * Level 6.0 Fire Magic


You had 11 spell levels left.
You knew the following spells:

 Your Spells              Type           Power      Damage    Failure   Level
a - Foxfire               Conj/Fire      96%        2x1d8     1%          1
b - Inner Flame           Hex/Fire       24%        N/A       5%          3
c - Scorch                Fire           64%        2d8       1%          2

Your spell library contained the following spells:

 Spells                   Type           Power      Damage    Failure   Level
 Volatile Blastmotes      Fire/Tloc      38%        2d13      9%          3
 Flame Wave               Conj/Fire      24%        2d8       17%         4
 Hailstorm                Conj/Ice       11%        3d5       19%         3
 Ice Form                 Ice/Tmut       6%         N/A       67%         4
 Summon Mana Viper        Hex/Summ       11%        N/A       86%         5
 Summon Forest            Summ/Tloc      3%         N/A       95%         5
 Summon Cactus Giant      Summ           3%         N/A       100%        6
 Simulacrum               Ice/Necr       Unusable   N/A       N/A         6

Dungeon Overview and Level Annotations

Branches:
Dungeon (5/15)             Temple (1/1) D:4

Altars:
Cheibriados
Dithmenos
Elyvilon
Fedhas
Gozag
Kikubaaqudgha
Makhleb
Ru
Sif Muna
Trog
Uskayaw
Xom
Yredelemnul
The Shining One

Shops:
D:4 (


Message History

Confirm with . or Enter, or press ? or * to list all spells.
Flames lash the adder.
The adder is almost dead.
The adder's fire resistance burns away.
The hound bites you.
An ogre comes into view. It is wielding a +0 giant club.
The hound bites you.
Casting: Scorch (safe; 1% risk of failure)
Confirm with . or Enter, or press ? or * to list all spells.
Flames lash the hound.
The hound is severely wounded.
The hound's fire resistance burns away.
The adder misses you. The hound bites you. The hound closely misses you.
The adder bites you. The hound barely misses you. The adder barely misses you.
Casting: Scorch (safe; 1% risk of failure)
Confirm with . or Enter, or press ? or * to list all spells.
Flames lash the adder.
The adder is burned terribly!
You kill the adder!
The hound bites you but does no damage. The hound closely misses you.
The hound bites you.
Casting: Scorch (safe; 1% risk of failure)
Confirm with . or Enter, or press ? or * to list all spells.
Flames lash the ogre.
The ogre is moderately wounded.
The ogre's fire resistance burns away.
The hound is no longer more vulnerable to fire.
The hound bites you but does no damage.
The hound bites you but does no damage. x2
Casting: Scorch (safe; 1% risk of failure)
Confirm with . or Enter, or press ? or * to list all spells.
Flames lash the hound.
You kill the hound!
The ogre hits you with a +0 giant club!!
* * * LOW HITPOINT WARNING * * *
Your Fire Magic skill increases to level 6!
The ogre hits you with a +0 giant club!!
Ouch! That really hurt!
You die...
Your body crumbles into a pile of gold.

#...........#
#...........#
#...........#
#..$........+
#...........#
..##............
....##$O.......
#...@."^.... $ $
#...#######.
#...# #...#
#...# # #...#
#.#...#######
#.####......#
..##.. #.####.#


You could see an ogre (combustible).

Vanquished Creatures
  Grinder (D:5)
  An ogre (D:5)
  2 phantoms (D:4)
  3 hounds
  Terence (D:2)
  Natasha (D:2)
  An orc wizard (D:3)
  5 adders
  3 worms (D:2)
  A dart slug (D:3)
  An orc (D:4)
  9 ball pythons
  4 bats
  10 endoplasms
  A giant cockroach (D:4)
  11 goblins
  7 hobgoblins
  7 jackals (D:1)
  3 quokkas
  4 frilled lizards
  10 kobolds
  4 rats
90 creatures vanquished.

Vanquished Creatures (others)
  159 foxfires
159 creatures vanquished.

Grand Total: 249 creatures vanquished

Notes
Turn   | Place    | Note
-------+----------+-------------------------------------------
     0 | D:1      | Decritt the Deep Elf Fire Elementalist began the quest for
                  | the Orb.
     0 | D:1      | Reached XP level 1. HP: 10/10 MP: 6/6
   132 | D:1      | You fall into a shaft and drop 1 floor!
   218 | D:1      | Reached XP level 2. HP: 15/15 MP: 4/8
   544 | D:1      | Reached XP level 3. HP: 20/20 MP: 10/10
   547 | D:1      | Learned a level 2 spell: Scorch
  1149 | D:2      | Noticed Natasha
  1152 | D:2      | Killed Natasha
  1153 | D:2      | Reached skill level 4 in Fire Magic
  1153 | D:2      | Reached XP level 4. HP: 24/24 MP: 9/12
  1192 | D:2      | Reached skill level 1 in Fighting
  1438 | D:2      | Noticed Terence
  1463 | D:2      | Killed Terence
  1984 | D:3      | Found a sacrificial altar of Ru.
  1997 | D:3      | Reached XP level 5. HP: 24/30 MP: 8/13
  2321 | D:4      | Found Pynyubb's Firing Range.
  2368 | D:4      | Noticed a phantom
  2452 | D:4      | Noticed a phantom
  2465 | D:4      | Killed a phantom
  2536 | D:4      | Found a staircase to the Ecumenical Temple.
  2547 | Temple   | Entered the Ecumenical Temple
  2585 | Temple   | Became a worshipper of Gozag Ym Sagoz the Greedy
  2651 | D:4      | Reached XP level 6. HP: 33/36 MP: 11/15
  2655 | D:4      | Reached skill level 5 in Fire Magic
  2673 | D:4      | Reached skill level 5 in Spellcasting
  2724 | D:4      | Learned a level 3 spell: Inner Flame
  3230 | D:5      | Entered Level 5 of the Dungeon
  3236 | D:5      | Noticed Grinder
  3252 | D:5      | Paralysed by Grinder for 5 turns
  3262 | D:5      | Paralysed by Grinder for 5 turns
  3269 | D:5      | Killed Grinder
  3270 | D:5      | Reached skill level 1 in Hexes
  3270 | D:5      | Reached XP level 7. HP: 16/41 MP: 12/17
  3387 | D:5      | Reached skill level 6 in Fire Magic
  3387 | D:5      | Mangled by an ogre

Illustrated notes

Levels and vault maps discovered:
D:1:      giann_wishing_wells, layout_basic, minmay_circled_x
D:2:      minmay_door_path, layout_loops_ring, uniq_terence, uniq_natasha
D:3:      layout_basic, nicolae_ru_great_annihilating_truth
D:4:      layout_basic, minmay_temple_entry_slanted, nicolae_shop_firing_range
D:5:      gammafunk_wand_slinger, layout_basic, nicolae_qazlal_eye_of_the_storm,
          mainiacjoe_overflow_alcove_2, gammafunk_ghost_icy,
          minmay_misc_feat_chi, dk_noncrumbling_2, uniq_grinder
Temple:   hellmonk_temple_forest_ring

Skill      XL: |  1  2  3  4  5  6  7 |
---------------+----------------------+-----
Dodging        | 3 |  3.8
Spellcasting   | 4 5 |  5.7
Fire Magic     | 4 5 6 |  6.0
Fighting       | 1 2 3 |  3.5
Conjurations   | 2 |  2.1
Hexes          | 1 2 |  2.1
Stealth        | |  2.4

Action                     |  1- 3 |  4- 6 |  7- 9 || total
---------------------------+-------+-------+-------++-------
  Melee: Staff             |       |     1 |       ||     1
  Throw: Dart              |       |     7 |       ||     7
   Cast: Foxfire           |    60 |    42 |     1 ||   103
         Scorch            |     5 |    46 |     7 ||    58
    Use: Scroll            |       |    10 |       ||    10
 Armour: Robe              |     5 |     8 |     4 ||    17
  Dodge: Dodged            |    22 |    21 |     5 ||    48

Table legend: (Time is in decaauts)
 A = Elapsed time spent in this place.
 B = Non-inter-level travel time spent in this place.
 C = Inter-level travel time spent in this place.
 D = Time resting spent in this place.
 E = Time spent auto-exploring this place.
 F = Levels seen in this place.
 G = Mean time per level.
                   A        B        C        D        E       F      G
               +--------+--------+--------+--------+--------+-----+--------+
         Total |   3385 |   3227 |    158 |    158 |   2196 |   6 |  564.2 |
       Dungeon |   3287 |   3129 |    158 |    158 |   2135 |   5 |  657.4 |
        Temple |     97 |     97 |      0 |      0 |     61 |   1 |   97.0 |
               +--------+--------+--------+--------+--------+-----+--------+

Top non-repeatable levels by time:
     D:2: 908 daAuts
     D:1: 804 daAuts
     D:4: 782 daAuts
     D:3: 639 daAuts
     D:5: 153 daAuts
  Temple: 97 daAuts
